 Dungeon Crawl Stone Soup version 0.32-a0-314-g526f7d4993 (webtiles) character file.

Game seed: 14709583122102067823

4536 Revguard the Cleaver (level 10, -2/89 HPs)
             Began as a Mountain Dwarf Fighter on Feb 16, 2024.
             Was a Follower of Makhleb.
             Succumbed to a kobold brigand's poison
             ... on level 10 of the Dungeon.
             The game lasted 00:24:37 (8112 turns).

Revguard the Cleaver (Mountain Dwarf Fighter)       Turns: 8112, Time: 00:24:38

Health: -2/89      AC: 18    Str: 26    XL:     10   Next: 17%
Magic:  14/14      EV:  8    Int: 10    God:    Makhleb [*.....]
Gold:   210        SH:  5    Dex: 11    Spells: 9/9 levels left

rFire   + . .        s - +1 hand axe (vamp)
rCold   . . .        c - +0 buckler
rNeg    . . .        o - +0 plate armour
rPois   .            (no helmet)
rElec   .            p - +1 cloak
rCorr   .            m - +0 pair of gloves
SInv    .            g - +0 pair of boots
Will    +....        (no amulet) Stlth
                     q - ring of protection from fire
HPRegen 0.34/turn    h - +6 ring of strength
MPRegen 0.14/turn

%: no passive effects
@: lethally poisoned (-2 -> -19), studying Axes
A: runic magic, artefact enchanting
a: Renounce Religion


You were on level 10 of the Dungeon.
You worshipped Makhleb.
Makhleb was aware of your devotion.
You visited 2 branches of the dungeon, and saw 9 of its levels.

You collected 397 gold pieces.
You spent 187 gold pieces at shops.

Inventory:

Hand Weapons
 a - a +0 war axe of freezing
 l - a +0 morningstar
 s - a +1 vampiric hand axe (weapon)
Armour
 b - a +0 scale mail
 c - a +0 buckler (worn)
 g - a +0 pair of boots (worn)
 m - a +0 pair of gloves (worn)
 o - a +0 plate armour (worn)
 p - a +1 cloak (worn)
Jewellery
 h - a +6 ring of strength (right hand)
 q - a ring of protection from fire (left hand)
Wands
 d - a wand of flame (13) (quivered)
Scrolls
 e - a scroll of poison
 f - 2 scrolls of amnesia
 i - a scroll of teleportation
 j - a scroll of fog
 k - 4 scrolls of identify
 r - a scroll of enchant armour
Potions
 n - a potion of enlightenment
 u - 3 potions of brilliance


   Skills:
 * Level 8.3 Fighting
 + Level 8.6 Axes
 * Level 7.9 Armour
 + Level 3.5 Dodging
 + Level 6.3 Shields
 + Level 6.2 Invocations
 + Level 5.1 Evocations


You had 9 spell levels left.
You didn't know any spells.
Your spell library contained the following spells:

 Spells                   Type           Power      Damage    Failure   Level
 Jinxbite                 Hex            0%         N/A       77%         2
 Summon Forest            Summ/Tloc      0%         N/A       100%        5
 Yara's Violent Unravell  Hex/Alch       0%         3d3       100%        5
 Eringya's Noxious Bog    Alch           0%         4d6       100%        6
 Enfeeble                 Hex            0%         N/A       100%        7
 Summon Hydra             Summ           0%         N/A       100%        7


Dungeon Overview and Level Annotations

Branches:
Dungeon (10/15)            Temple (1/1) D:5
   Lair: D:8-11         Orc: D:9-12

Altars:
Cheibriados
Dithmenos
Elyvilon
Fedhas
Gozag
Hepliaklqana
Kikubaaqudgha
Makhleb
Okawaru
Qazlal
Ru
Trog
Uskayaw
Vehumet
Wu Jian
Xom
Yredelemnul
Zin
The Shining One

Shops:
D:10 ?


Innate Abilities, Weirdness & Mutations

Your spellcasting is much less encumbered by armour.
You can use scrolls of enchantment on lesser artefacts.


Message History

The kobold brigand is severely wounded.
You feel extremely sick.
The kobold brigand hits you but does no damage.
You are more poisoned.
You barely miss the kobold brigand.
The kobold brigand is severely wounded.
You feel extremely sick.
The kobold brigand hits you with a +0 dagger of venom.
You are more poisoned.
You closely miss the kobold brigand.
The kobold brigand is severely wounded.
You feel extremely sick.
You closely miss the kobold brigand.
The kobold brigand is severely wounded.
You feel extremely sick.
The kobold brigand hits you but does no damage.
You are lethally poisoned!
You hit the kobold brigand.
You feel better.
The kobold brigand is almost dead.
You feel extremely sick.
The kobold brigand hits you with a +0 dagger of venom.
* * * LOW HITPOINT WARNING * * *
You are more poisoned.
You slash the kobold brigand!
You kill the kobold brigand!
Makhleb accepts your kill.
You feel better.
* * * LOW HITPOINT WARNING * * *
You feel extremely sick.
Okay, then.
Okay, then.
* * * LOW HITPOINT WARNING * * *
You feel extremely sick.
Things that are here:
a +0 short sword; a kobold corpse
* * * LOW HITPOINT WARNING * * *
You feel very sick.
* * * LOW HITPOINT WARNING * * *
You feel very sick.
You die...

### ..# ..# .. #.
#.######## #.>.$....#
#.@.....+ #.......#
#########.......#
#.......')).....#
#######.#######.).....#
........# #)).....#
######### #.......# #
#.......# #.......#


There were no monsters in sight!

Vanquished Creatures
  Maurice (D:10)
  A troll (D:10)
  2 wyverns (D:10)
  Eustachio (D:4)
  6 yaks (D:10)
  2 vampire mosquitoes (D:10)
  A water moccasin (D:6)
  3 orc warriors
  A sky beast (D:7)
  3 ogres
  A phantom (D:4)
  3 kobold brigands
  A bullfrog (D:6)
  A scorpion (D:5)
  3 wights
  3 bombardier beetles
  A howler monkey (D:7)
  Crazy Yiuf (D:2)
  A jelly (D:5)
  3 orc priests
  4 hounds
  A sleepcap (D:5)
  8 iguanas
  Terence (D:2)
  7 orc wizards
  5 adders
  A white imp (D:6)
  6 dart slugs
  A ribbon worm (D:2)
  30 orcs
  9 endoplasms
  4 giant cockroaches
  7 goblins
  3 hobgoblins
  6 jackals (D:1)
  19 kobolds
  4 quokkas
  2 ball pythons
  3 bats
  3 frilled lizards
  3 rats
166 creatures vanquished.

Notes
Turn   | Place    | Note
-------+----------+-------------------------------------------
     0 | D:1      | Revguard the Mountain Dwarf Fighter began the quest for the
                  | Orb.
     0 | D:1      | Reached XP level 1. HP: 19/19 MP: 1/1
   139 | D:1      | Reached XP level 2. HP: 26/26 MP: 2/2
   393 | D:1      | Reached XP level 3. HP: 31/31 MP: 3/3
   400 | D:1      | Reached skill level 1 in Invocations
   844 | D:2      | Reached skill level 1 in Evocations
   954 | D:2      | Noticed Terence
   971 | D:2      | Killed Terence
   972 | D:2      | Reached XP level 4. HP: 20/40 MP: 3/5
  1833 | D:2      | Found a runed translucent door.
  1834 | D:2      | Noticed Crazy Yiuf
  1844 | D:2      | Killed Crazy Yiuf
  1845 | D:2      | Reached skill level 1 in Dodging
  1845 | D:2      | Reached XP level 5. HP: 23/46 MP: 6/6
  3119 | D:4      | Reached XP level 6. HP: 50/53 MP: 7/7
  3214 | D:4      | Found an opulent altar of Gozag.
  3327 | D:4      | Noticed Eustachio
  3348 | D:4      | Killed Eustachio
  3349 | D:4      | Reached skill level 5 in Fighting
  3536 | D:4      | Reached XP level 7. HP: 43/61 MP: 9/9
  3740 | D:5      | Entered Level 5 of the Dungeon
  4763 | D:4      | Reached skill level 5 in Axes
  4763 | D:4      | Reached skill level 5 in Armour
  4785 | D:5      | Reached XP level 8. HP: 28/70 MP: 10/10
  4931 | D:5      | Found a staircase to the Ecumenical Temple.
  4938 | Temple   | Entered the Ecumenical Temple
  4987 | Temple   | Became a worshipper of Makhleb the Destroyer
  5571 | D:5      | Identified a scroll of acquirement
  5572 | D:5      | Acquired a manual of Axes
  6011 | D:6      | Reached skill level 5 in Shields
  7043 | D:7      | Reached XP level 9. HP: 68/78 MP: 12/12
  7315 | D:7      | Reached * piety under Makhleb
  7316 | D:7      | Reached skill level 5 in Invocations
  7365 | D:7      | You fall into a shaft and drop 3 floors!
  7365 | D:10     | Entered Level 10 of the Dungeon
  7471 | D:10     | Found Zuext's Magic Scroll Shoppe.
  7565 | D:10     | Noticed a troll
  7580 | D:10     | Killed a troll
  7583 | D:10     | Bought a scroll of identify for 30 gold pieces
  7583 | D:10     | Bought a scroll of teleportation for 45 gold pieces
  7583 | D:10     | Bought a scroll of enchant armour for 112 gold pieces
  7853 | D:10     | Noticed Maurice
  7871 | D:10     | Maurice stole a +0 war axe of freezing
  7889 | D:10     | Maurice stole 156 gold
  7894 | D:10     | Killed Maurice
  7895 | D:10     | Reached skill level 5 in Evocations
  7895 | D:10     | Reached XP level 10. HP: 77/88 MP: 6/14
  8111 | D:10     | HP: 2/89 [poisoned by a kobold brigand]
  8112 | D:10     | Succumbed to a kobold brigand's poison

Illustrated notes

Levels and vault maps discovered:
D:1:      mrwooster_arrival_statue, layout_loops_ring
D:2:      layout_loops_corners, grunt_ministairs_10, uniq_crazy_yiuf_cottage,
          uniq_terence
D:3:      layout_basic, minmay_misc_feat_secret_circle
D:4:      layout_rooms, grunt_gozag_statues, uniq_eustachio
D:5:      layout_basic, minmay_temple_entry_metal_lava
D:6:      layout_rooms, kennysheep_potato
D:7:      layout_layer_cave, hex_tiny
D:10:     layout_roguey, gammafunk_temple_overflow_statue, nemelex_altar_shiori,
          serial_shops, nicolae_shop_gibbet_a_chance,
          serial_library_regret_index_branch_corner, uniq_maurice
Temple:   nicolae_temple_no_exploring_needed

Skill      XL: |  1  2  3  4  5  6  7  8  9 |
---------------+----------------------------+-----
Invocations    | 1 2 3 4 6 |  6.2
Evocations     | 1 2 3 5 |  5.1
Axes           | 3 4 5 6 8 |  8.6
Armour         | 4 5 6 7 |  7.9
Fighting       | 4 5 6 8 |  8.3
Dodging        | 1 2 3 |  3.5
Shields        | 4 5 6 |  6.3

Action                     |  1- 3 |  4- 6 |  7- 9 | 10-12 || total
---------------------------+-------+-------+-------+-------++-------
  Melee: War axe           |   105 |    86 |    52 |       ||   243
         Hand axe          |       |   108 |   514 |    40 ||   662
  Evoke: Wand              |       |     7 |    33 |       ||    40
    Use: Scroll            |     4 |     7 |     8 |       ||    19
         Potion            |     1 |     2 |     7 |       ||    10
 Armour: Scale mail        |    93 |   151 |   285 |       ||   529
         Plate armour      |       |       |   188 |    42 ||   230
  Dodge: Dodged            |    50 |    86 |   206 |    15 ||   357
  Block: Buckler           |    18 |    47 |   120 |     7 ||   192

Table legend: (Time is in decaauts)
 A = Elapsed time spent in this place.
 B = Non-inter-level travel time spent in this place.
 C = Inter-level travel time spent in this place.
 D = Time resting spent in this place.
 E = Time spent auto-exploring this place.
 F = Levels seen in this place.
 G = Mean time per level.
                   A        B        C        D        E       F      G
               +--------+--------+--------+--------+--------+-----+--------+
         Total |   8183 |   7988 |    195 |    754 |   5176 |   9 |  909.2 |
       Dungeon |   8125 |   7938 |    187 |    754 |   5176 |   8 | 1015.6 |
        Temple |     57 |     49 |      8 |      0 |      0 |   1 |   57.0 |
               +--------+--------+--------+--------+--------+-----+--------+

Top non-repeatable levels by time:
     D:5: 1758 daAuts
     D:2: 1245 daAuts
     D:6: 1133 daAuts
     D:3: 1119 daAuts
     D:4: 822 daAuts
     D:1: 809 daAuts
    D:10: 730 daAuts
     D:7: 507 daAuts
  Temple: 57 daAuts
